 Dungeon Crawl Stone Soup version 0.30-a0-377-g5cb311bc9f (webtiles) character file.

Game seed: 13188423533912061869

561755 Raultor the Warrior (level 26, -4/183 (204) HPs)
             Began as an Octopode Transmuter on Nov 29, 2022.
             Was a High Priest of Ashenzari.
             Splashed by a caustic shrike's acid (7 damage)
             ... on level 2 of the Iron City of Dis on Nov 30, 2022.
             The game lasted 04:34:54 (44473 turns).

Raultor the Warrior (Octopode Transmuter)          Turns: 44473, Time: 04:34:54

HP:   -4/183 (204)  AC: 13    Str: 15 (18) XL:     26   Next: 66%
MP:   10/42         EV: 32    Int: 25      God:    Ashenzari [*****.]
Gold: 3564          SH:  0    Dex: 18      Spells: 13/55 levels left

rFire   + + .      SeeInvis +      - Unarmed
rCold   + . .      Faith    .    (shield currently unavailable)
rNeg    + . .      Spirit   .    (helmet currently unavailable)
rPois   ∞          Reflect  .    V - amulet of Vitality {RegenMP++ Regen++, Melee, Self} (curse)
rElec   +          Harm     .    Y - ring of Supernal Knowledge {Slay+4, Melee, Elem} (curse)
rCorr   .          Rampage  .    S - ring "Per Aspera Ad Scientiam" {Str+6, Bglg, Evo} (curse)
Will    ++...      Clarity  +    c - ring "Share My Atheism" {rF+, Melee, Fort} (curse)
Stlth   ++++++....               b - ring of Supernal Wisdom {rN+, Elem, Cun} (curse)
HPRegen 2.10/turn                M - ring "Shackled With Me" {AC+4, Elem, Alch} (curse)
MPRegen 1.08/turn                Z - ring "Per Aspera Ad Scientiam" {Will+, Self, Bglg} (curse)
                                 m - ring "Burden of Ashenzari" {rC+ Int+6, Bglg, Melee} (curse)
                                 l - ring of the Unyielding Gaze {rF+, Bglg, Alch} (curse)

@: storm-form, corroded, flying, studying Long Blades, heavily drained
A: cleaving, insubstantial, flying, almost no armour, amphibious, 8 rings,
(camouflage 1), (gelatinous body 1), (nimble swimmer 1), (tentacles)
}: 3/15 runes: decaying, silver, gossamer
a: Blinkbolt, End Transformation, Renounce Religion, Curse Item, Shatter the
Chains


You were on level 2 of the Iron City of Dis.
You worshipped Ashenzari.
Ashenzari was extremely pleased with you.
You were a lightning-filled tempest!
You visited 11 branches of the dungeon, and saw 45 of its levels.
You also visited: Gauntlet, Ice Cave and Wizlab.

You collected 6059 gold pieces.
You spent 2495 gold pieces at shops.


Innate Abilities, Weirdness & Mutations

You are a lightning-filled tempest!
Your electrical attacks strike out in all directions at once.
You are incredibly evasive.
Your insubstantial body is immune to petrification, constriction, and being set on fire You are flying.
You are immune to poison.
Your armour is entirely melded.
You are incapable of wielding weapons or throwing items.
You cannot wear most types of armour.
You are amphibious.
You can wear up to eight rings at the same time.
((Your skin changes colour to match your surroundings (Stealth+).))
((Your rubbery body absorbs attacks. (AC +1, EV +1)))
((You are camouflaged when in or above water. (Stealth+)))
((You have tentacles for arms and can constrict up to eight enemies at once.))


   Skills:
 - Level 19.8(22.9) Fighting
 * Level 12.4(14.7) Dodging
 - Level 13.9(16.1) Stealth
 - Level 18.8(24.0) Unarmed Combat
 * Level 11.5(15.0) Spellcasting
 * Level 16.4(21.8) Translocations
 + Level 18.7(21.9) Transmutations
 - Level 9.8(14.3) Ice Magic
 + Level 18.2(22.4) Air Magic
 - Level 3.4(7.2) Earth Magic
 - Level 5.8(9.2) Poison Magic
 - Level 5.9(8.2) Evocations


You had 13 spell levels left.
You knew the following spells:

 Your Spells              Type           Power      Damage    Failure   Level
a - Passwall              Tmut/Erth      62%        N/A       0%          2
b - Beastly Appendage     Tmut           100%       N/A       0%          1
c - Ice Form              Ice/Tmut       83%        N/A       1%          4
d - Mephitic Cloud        Conj/Pois/Air  64%        N/A       1%          3
i - Dispersal             Tloc           45%        N/A       1%          6
l - Lesser Beckoning      Tloc           100%       N/A       0%          3
m - Manifold Assault      Tloc           91%        N/A       0%          4
s - Storm Form            Tmut/Air       46%        N/A       1%          7
t - Statue Form           Tmut/Erth      50%        N/A       1%          6
u - Passage of Golubria   Tloc           91%        N/A       0%          4
w - Wereblood             Tmut           91%        N/A       0%          2

Your spell library contained the following spells:

 Spells                   Type           Power      Damage    Failure   Level
 Sting                    Tmut/Pois      100%       1d8       0%          1
 Blink                    Tloc           100%       N/A       0%          2
 Poisonous Vapours        Pois/Air       100%       N/A       0%          2
 Spider Form              Tmut/Pois      77%        N/A       0%          3
 Magic Dart               Conj           88%        1d7       1%          1
 Slow                     Hex            88%        N/A       1%          1
 Cigotuvi's Dreadful Rot  Necr/Pois/Air  100%       N/A       1%          2
 Momentum Strike          Conj/Tloc      100%       3d10      1%          2
 Ignite Poison            Fire/Tmut/Pois 64%        N/A       1%          3
 Kindle Blastsparks       Fire/Tloc/Air  100%       2d18      1%          3
 Stone Arrow              Conj/Erth      78%        3d11      1%          3
 Iskenderun's Mystic Bla  Conj/Tloc      66%        2d14      1%          4
 Olgreb's Toxic Radiance  Pois           60%        N/A       1%          4
 Petrify                  Tmut/Erth      75%        N/A       1%          4
 Summon Lightning Spire   Summ/Air       66%        N/A       1%          4
 Arcjolt                  Conj/Air       33%        1d43      1%          5
 Silence                  Hex/Air        33%        N/A       1%          5
 Summon Forest            Summ/Tloc      32%        N/A       1%          5
 Yara's Violent Unravell  Hex/Tmut       33%        3d14      1%          5
 Maxwell's Capacitive Co  Air            46%        ∞         1%          8
 Disjunction              Tloc           45%        N/A       2%          8
 Necrotise                Necr           72%        1d7       3%          1
 Searing Ray              Conj           44%        2d6       3%          2
 Metabolic Englaciation   Hex/Ice        27%        N/A       3%          5
 Conjure Ball Lightning   Conj/Air       33%        3x3d11    3%          6
 Sublimation of Blood     Necr           18%        N/A       4%          2
 Lee's Rapid Deconstruct  Erth           26%        3d14*     4%          5
 Leda's Liquefaction      Hex/Erth       19%        N/A       5%          4
 Inner Flame              Hex/Fire       22%        N/A       6%          3
 Call Canine Familiar     Summ           18%        N/A       9%          3
 Vampiric Draining        Necr           18%        2d7       9%          3
 Borgnjor's Vile Clutch   Necr/Erth      18%        N/A       19%         5
 Cause Fear               Hex            11%        N/A       21%         4
 Fulminant Prism          Conj/Hex       11%        3d8       21%         4
 Flame Wave               Conj/Fire      22%        2d8       22%         4
 Sticky Flame             Conj/Fire      22%        2d4       22%         4
 Animate Dead             Necr           18%        N/A       28%         4
 Fireball                 Conj/Fire      11%        3d7       52%         5
 Summon Mana Viper        Hex/Summ       20%        N/A       56%         5
 Agony                    Necr           18%        N/A       63%         5
 Starburst                Conj/Fire      11%        6d5       97%         6
 Death Channel            Necr           9%         N/A       99%         6
 Summon Cactus Giant      Summ           9%         N/A       99%         6
 Enfeeble                 Hex            11%        N/A       100%        7
 Orb of Destruction       Conj           11%        9d6       100%        7
 Summon Hydra             Summ           9%         N/A       100%        7
 Discord                  Hex            11%        N/A       100%        8
 Ignition                 Fire           11%        3d5       100%        8
 Lehudib's Crystal Spear  Conj/Erth      19%        10d6      100%        8
 Animate Armour           Summ/Erth      Unusable   N/A       N/A         4

Inventory:

Hand Weapons
 y - the +9 staff of Wucad Mu {*channel}
   (You found it in a wizard's laboratory)

   It occasionally powers its wielder's spells, but with a chance of causing
   confusion or draining the wielder's intelligence.
   It becomes more likely to activate and less likely to backfire with increased
   Evocations skill.
Missiles
 v - 8 throwing nets {=f}
Armour
 n - the cursed +0 hat "I Knew You'd Do That" (melded) {Alch, Elem}
   (You found it in an ice cave)

   It has a curse which improves the following skills: Alchemy: Poison Magic and
   Transmutations.
   Elements:  Fire Magic, Ice Magic, Air Magic and Earth Magic.
 q - a +0 kite shield of reflection
Magical Staves
 P - a cursed staff of air (melded) {!a, Elem, Evo}
Jewellery
 b - the cursed ring of Supernal Wisdom (on tentacle) {rN+, Elem, Cun}
   (You found it on level 5 of the Dungeon)

   [ring of positive energy]

   rN:        It protects you from negative energy.
   It has a curse which improves the following skills: Elements: Fire Magic, Ice
   Magic, Air Magic and Earth Magic.
   Cunning:   Dodging and Stealth.
 c - the cursed ring "Share My Atheism" (on tentacle) {rF+, Melee, Fort}
   (You found it on level 3 of the Lair of Beasts)

   [ring of protection from fire]

   rF:        It protects you from fire.
   It has a curse which improves the following skills: Melee Combat: Short
   Blades, Long Blades, Axes, Maces & Flails, Polearms, Staves and Unarmed
   Combat.
   Fortitude: Shields.
 d - the ring "Ecuariho" {Wiz *Corrode rN+ MP+9}
   (You found it on level 5 of the Vaults)

   [ring of wizardry]

   It improves your spell success rate.
   rN:        It protects you from negative energy.
   MP:        It affects your magic capacity (+9).
   *Corrode:  It may corrode you when you take damage.
 l - the cursed ring of the Unyielding Gaze (on tentacle) {rF+, Bglg, Alch}
   (You bought it in a shop on level 7 of the Dungeon)

   [ring of protection from fire]

   rF:        It protects you from fire.
   It has a curse which improves the following skills: Beguiling: Conjurations,
   Hexes and Translocations.
   Alchemy:   Poison Magic and Transmutations.
 m - the cursed ring "Burden of Ashenzari" (on tentacle) {rC+ Int+6, Bglg, Melee}
   (You bought it in a shop on level 7 of the Dungeon)

   [ring of intelligence]

   Int:       It affects your intelligence (+6).
   rC:        It protects you from cold.
   It has a curse which improves the following skills: Beguiling: Conjurations,
   Hexes and Translocations.
   Melee Combat: Short Blades, Long Blades, Axes, Maces & Flails, Polearms,
   Staves and Unarmed Combat.
 B - a ring of positive energy
 E - a +4 ring of evasion
 F - a ring of fire
 I - a +6 ring of intelligence
 L - a ring of flight
 M - the cursed ring "Shackled With Me" (on tentacle) {AC+4, Elem, Alch}
   (You found it on level 6 of the Dungeon)

   [ring of protection]

   AC:        It affects your AC (+4).
   It has a curse which improves the following skills: Elements: Fire Magic, Ice
   Magic, Air Magic and Earth Magic.
   Alchemy:   Poison Magic and Transmutations.
 N - a ring of positive energy
 Q - a ring of protection from cold
 R - a ring of resist corrosion
 S - the cursed ring "Per Aspera Ad Scientiam" (right tentacle) {Str+6, Bglg, Evo}
   (You found it on level 3 of the Dungeon)

   [ring of strength]

   Str:       It affects your strength (+6).
   It has a curse which improves the following skills: Beguiling: Conjurations,
   Hexes and Translocations.
   Evocations: Evocations.
 V - the cursed amulet of Vitality (around neck) {RegenMP++ Regen++, Melee, Self}
   (You found it in a Gauntlet)

   [amulet of magic regeneration]

   It increases your rate of magic regeneration.
   Regen:     It increases your rate of health regeneration.
   It has a curse which improves the following skills: Melee Combat: Short
   Blades, Long Blades, Axes, Maces & Flails, Polearms, Staves and Unarmed
   Combat.
   Introspection: Fighting and Spellcasting.
 W - a ring of willpower
 Y - the cursed ring of Supernal Knowledge (left tentacle) {Slay+4, Melee, Elem}
   (You found it on level 4 of the Lair of Beasts)

   [ring of slaying]

   Slay:      It affects your accuracy & damage with ranged weapons and melee
   (+4).
   It has a curse which improves the following skills: Melee Combat: Short
   Blades, Long Blades, Axes, Maces & Flails, Polearms, Staves and Unarmed
   Combat.
   Elements:  Fire Magic, Ice Magic, Air Magic and Earth Magic.
 Z - the cursed ring "Per Aspera Ad Scientiam" (on tentacle) {Will+, Self, Bglg}
   (You found it on level 8 of the Dungeon)

   [ring of willpower]

   Will:      It increases your willpower.
   It has a curse which improves the following skills: Introspection: Fighting
   and Spellcasting.
   Beguiling: Conjurations, Hexes and Translocations.
Wands
 j - a wand of digging (16)
Scrolls
 g - 11 scrolls of poison
 i - 12 scrolls of butterflies
 k - 8 scrolls of amnesia
 o - 27 scrolls of teleportation {@r2}
 p - 8 scrolls of blinking
 u - a scroll of summoning
 w - 8 scrolls of vulnerability
 z - 5 scrolls of silence {!r}
 G - 7 scrolls of fear
 U - 7 scrolls of magic mapping
Potions
 e - 20 potions of curing {@q1}
 f - 11 potions of brilliance
 r - 17 potions of heal wounds {@q2}
 s - 5 potions of cancellation
 t - 8 potions of mutation
 x - 4 potions of magic
 A - 6 potions of haste {@q3}
 C - 4 potions of might
 D - 4 potions of invisibility
 H - 4 potions of berserk rage {!q}
 K - 8 potions of attraction
 O - 3 potions of resistance
 T - 3 potions of flight
Miscellaneous
 a - the horn of Geryon
 h - a condenser vane
 J - a phial of floods
 X - a lightning rod (4/4)

Dungeon Overview and Level Annotations

Branches:
Dungeon (15/15)            Temple (1/1) D:7            Lair (5/5) D:9
  Swamp (4/4) Lair:2       Spider (4/4) Lair:2        Slime (0/5) Lair:4
    Orc (2/2) D:9             Elf (2/3) Orc:2        Vaults (5/5) D:14
  Crypt (0/3) Vaults:2     Depths (4/4) D:15           Hell (visited)
    Dis (2/7) Hell            Geh (0/7) Hell            Coc (0/7) Hell
    Tar (0/7) Hell            Zot (0/5) Depths:4      IceCv (visited)
 WizLab (visited)         Gauntlet (visited)

Altars:
Ashenzari
Cheibriados
Dithmenos
Elyvilon
Fedhas
Gozag
Hepliaklqana
Kikubaaqudgha
Makhleb
Okawaru
Qazlal
Ru
Sif Muna
Trog
Uskayaw
Vehumet
Wu Jian
Xom
Yredelemnul
Zin
The Shining One
Ignis
Jiyva

Shops:
D:7 =   D:15 :   Orc:2 **!?   Vaults:4 !   Depths:3 [((:

Portals:
Hell: Depths:1 Depths:2 Depths:3 Depths:4
Abyss: Depths:3
Pandemonium: Depths:1 Depths:2 Depths:4
Ziggurat: Depths:4

Annotations:
D:5 2 transporters, dweek's ghost, amateur TrFi
D:7 3 runed translucent doors, Peppero's ghost, novice DjCj
D:8 exclusion: tengu warrior
Lair:3 2 transporters, Ririga's ghost, journeyman TrHW

*§......................
▓..§^...................
▓.......b...............,*
▓...▓▓▓▓▓▓▓......▓▓▓▓▓▓▓,
▓...*,,, ,▓).....'.....▓ *
▓.^ * * ▓......▓^....▓, ▓.
, ▓b9....▓....∩+,* ▓§ ,+
▓b▓▓▓▓▓▓▓▓▓▓▓▓ * ,{*
▓v▓,,,, ,, * { ,, ▓.▓ {
,,, ,**, *, **** ▓b▓>,, ,
,* * ,,, ,{..▓,{ , , ,,*
*,,,, ,{ ..▓, ,,, ,* ,* *,
,,...▓ ** ,, , ,,,, ,
,...+{{,{ ,,* ,, ,, ....+,
{ ,,, * ,, , , ,, , , *,


You could see an iron golem and 3 caustic shrikes.


Message History

The caustic shrike seems less confused.
The caustic shrike claws the iron golem but does no damage.
The caustic shrike attacks as you move away!
The caustic shrike completely misses you.
The caustic shrike seems less confused.
Casting: Manifold Assault (safe; 0% risk of failure)
Press: ? - help, Q - select action, (/) - cycle Dir - look around, f - activate Space momentarily warps into an impossible shape!
You batter the caustic shrike!! You batter the caustic shrike!!
Lightning courses through the caustic shrike!
You blast the caustic shrike!!!!
You kill the caustic shrike!
You hear a screech!
You hit the caustic shrike. You punch the caustic shrike.
The caustic shrike is lightly wounded.
The caustic shrike closely misses you.
You barely miss the caustic shrike.
The caustic shrike is lightly wounded.
The caustic shrike claws you!!
* * * LOW HITPOINT WARNING * * *
The acid corrodes you!
You are splashed with acid!
* * * LOW HITPOINT WARNING * * *
You hear a screech!
You barely miss the caustic shrike. Your punch misses the caustic shrike.
The caustic shrike is severely wounded.
The caustic shrike claws you!!
* * * LOW HITPOINT WARNING * * *
You are splashed with acid!
You die...

Skill      XL: |  1  2  3  4  5  6  7  8  9 10 11 12 13 14 15 16 17 18 19 20 21 22 23 24 25 26 |
---------------+-------------------------------------------------------------------------------+-----
Transmutations | 3 4 5 6 7 9 10 11 12 13 14 15 16 17 18 | 18.7
Fighting       | 2 3 4 5 7 8 9 10 12 13 14 15 17 18 19 | 19.8
Ice Magic      | 2 3 4 6 7 9 |  9.8
Unarmed Combat | 4 5 6 7 9 10 12 13 14 15 16 17 18 | 18.8
Dodging        | 3 6 8 10 11 12 | 12.4
Spellcasting   | 3 5 6 7 8 10 11 | 11.5
Evocations     | 1 4 5 |  5.9
Translocations | 3 9 10 13 15 16 | 16.4
Earth Magic    | 3 |  3.4
Air Magic      | 5 12 13 14 15 16 17 18 | 18.2
Stealth        | 7 10 11 13 | 13.9
Poison Magic   | 5 |  5.8

Action                   |  1- 3 |  4- 6 |  7- 9 | 10-12 | 13-15 | 16-18 | 19-21 | 22-24 | 25-27 || total
-------------------------+-------+-------+-------+-------+-------+-------+-------+-------+-------++-------
Melee: Unarmed           |    29 |    84 |   284 |   526 |   833 |   877 |   540 |   609 |   434 ||  4216
       Constrict         |    20 |    35 |    13 |       |       |       |       |       |       ||    68
       Tentacles         |    11 |    23 |    13 |       |       |       |       |       |       ||    47
       Punch             |     1 |     5 |     1 |       |       |    57 |    70 |    96 |    73 ||   303
       Whip              |    40 |    37 |       |       |       |       |       |       |       ||    77
       Kick              |    10 |    24 |    18 |       |       |       |       |       |       ||    52
 Cast: Beastly Appendage |     5 |    11 |    12 |     1 |       |       |       |       |       ||    29
       Wereblood         |     2 |     5 |    11 |    17 |    29 |    22 |     7 |    13 |    11 ||   117
       Ice Form          |       |       |    27 |    46 |    58 |    24 |     1 |       |       ||   156
       Manifold Assault  |       |       |       |       |     3 |    84 |    65 |    42 |    36 ||   230
       Lesser Beckoning  |       |       |       |       |       |     1 |    15 |     8 |     4 ||    28
       Storm Form        |       |       |       |       |       |    36 |    38 |    40 |    34 ||   148
       Dispersal         |       |       |       |       |       |     1 |       |       |     1 ||     2
       Statue Form       |       |       |       |       |       |       |     1 |       |       ||     1
       Passage of Golubr |       |       |       |       |       |       |     1 |       |       ||     1
Invok: Curse Item        |       |       |       |     5 |     4 |     2 |       |     1 |       ||    12
       Shatter the Chain |       |       |       |       |       |       |       |     1 |       ||     1
 Abil: Blinkbolt         |       |       |       |       |       |     9 |     8 |     4 |     4 ||    25
Evoke: Wand              |       |       |     1 |       |     2 |       |       |     1 |       ||     4
  Use: Potion            |       |     1 |       |     5 |     1 |       |     2 |       |     1 ||    10
       Scroll            |       |       |     9 |     4 |       |       |       |       |       ||    13
 Stab: Sleeping          |     5 |     8 |     3 |     1 |     1 |     1 |     1 |    12 |     9 ||    41
       Petrified         |       |       |       |       |       |     3 |       |       |       ||     3
       Petrifying        |       |       |       |       |       |     1 |       |       |       ||     1
       Confused          |       |       |       |       |       |       |     3 |       |       ||     3
       Distracted        |       |       |       |       |       |       |     4 |     2 |     1 ||     7
Armor: Skin              |     8 |     4 |    62 |   182 |   283 |   329 |   153 |   118 |    87 ||  1226
Dodge: Dodged            |    27 |    45 |   112 |   235 |   574 |   868 |   400 |   506 |   507 ||  3274
Block: Other             |       |    10 |    43 |    78 |       |       |       |       |       ||   131
       Reflection        |       |       |     2 |     3 |       |       |       |       |       ||     5

Levels and vault maps discovered:
D:1:      dpeg_arrival_tiny_k, layout_basic
D:2:      layout_rooms, uniq_robin, uniq_jessica
D:3:      layout_basic, okawaru_trees_1, mainiacjoe_overflow_catwalk,
          dreamdust_ecumenical_altar_hidden_monk_grotto, minivault_4,
          kennysheep_donut, kennysheep_cross_room
D:4:      layout_basic
D:5:      layout_cave_pools, nicolae_qazlal_general_emergency,
          gammafunk_temple_overflow_elements, gammafunk_ghost_smash
D:6:      layout_basic, uniq_blork_the_orc
D:7:      minmay_flawed_box, layout_cave_pools, mainiacjoe_overflow_paths,
          mainiacjoe_overflow_boulevard, minmay_temple_entry_enclosed_plants,
          serial_shops, nicolae_take_the_stairs, gammafunk_ghost_nasty_kobolds
D:8:      layout_rooms, mainiacjoe_overflow_tiny_flanked, minmay_microvault,
          uniq_pikel
D:9:      layout_loops_ring, nicolae_gozag_cash_rules_everything_around_me,
          david_lair_shrubbed, erik_orc_2
D:10:     dreamdust_cave_troll, layout_loops_cross,
          grunt_dithmenos_smoke_and_mirrors, kennysheep_minor_cross, uniq_psyche
D:11:     layout_irregular_city, hangedman_abyss_or_decor_jellyfish_corner,
          wad_floor_pattern_2
D:12:     layout_roguey, portal_ice_cave_entry_pillars_1, minmay_radiant
D:13:     layout_irregular_city, fountainhead, minmay_crystal_box, uniq_kirke,
          uniq_maurice, uniq_josephine, uniq_rupert
D:14:     layout_rooms, david_vaults_1, columned_hall_lemuel,
          minmay_increasing_density
D:15:     hangedman_depths_entry_try_elsewhere_first, layout_irregular_city,
          minmay_misc_feat_tiny, serial_shops, shop, elyvilon_altar_1
Temple:   ebering_untended_altars
Lair:1:   layout_layer_cave, st_stairs_9, beast_lair_carwin_1,
          lemuel_fruit_tree, uniq_nergalle, uniq_urug
Lair:2:   layout_regular_city, minmay_swamp_entry_worms, spider_nest_entry_a,
          gauntlet_entry_generic, hibernation_bobbens, grunt_megastairs_1,
          lemuel_fruit_fields, lemuel_fruit_fields, uniq_maggie, uniq_fannar
Lair:3:   layout_layer_cave, gammafunk_ghost_wrathful_warriors, uniq_sonja
Lair:4:   layout_hall_layers, minmay_slime_entry_eyes, serial_bayou_shore_b,
          serial_bayou_shore_a
Lair:5:   gammafunk_lair_ancient_temple, layout_regular_city,
          chequers_serial_rivers_micro_a
Swamp:1:  layout_basic_swamp, evilmike_swamp_ruin_house_2
Swamp:2:  layout_falls_marsh, serial_swamp_ruin, evilmike_swamp_ruin_house_5,
          evilmike_swamp_ruin_house_1, swamp_pool4,
          nicolae_swamp_trees_clearing, uniq_donald
Swamp:3:  layout_falls_marsh, nicolae_swamp_dense_foliage, swamp_pool1,
          nicolae_swamp_tree_designs
Swamp:4:  byrel_swamp_growth_death_and_undeath, layout_basic_swamp, uniq_aizul
Spider:1: layout_spider_delve, drop_trap
Spider:2: layout_spider_delve, nicolae_looking_at_the_future
Spider:3: layout_spider_delve
Spider:4: johnstein_spider_rune_arachne_lair, uniq_bai_suzhen, uniq_nikola,
          uniq_asterion
Orc:1:    layout_caves, nicolae_orc_lava_tube, uniq_jorgrun, uniq_harold
Orc:2:    st_orc_open, layout_caves, basic_altar, nicolae_orc_pool_cavern,
          uniq_azrael
Elf:1:    minmay_elf_arrival_summoners, layout_gridlike, minmay_elf_sorcery,
          chequers_big_river, minivault_15, guppyfry_library_mini
Elf:2:    elven_hall_of_blades_hangedman_alternative [grunt_blade_entry_basic],
          layout_loops_corners, gammafunk_ghost_tricky_traps,
          amcnicky_mini_rare_corridor_liquid,
          nicolae_gammafunk_elf_defective_weapons_storage
Vaults:1: v_pattern_4, v_misc_2, vaults_mumra_chevron, vaults_dpeg_cross,
          v_misc_10, vaults_room_boxed, nicolae_vaults_theta,
          ontoclasm_vaults_idyll, ontoclasm_vaults_ligature, v_misc_18,
          nicolae_vaults_sealed_display, layout_vaults_maze_snakey
Vaults:2: minmay_crypt_entry_simple_round, vaults_room_hallway,
          vaults_room_door_ring, hangedman_vaults_hat, v_misc_26, v_misc_2,
          ontoclasm_vaults_claustrophobia, v_misc_16, v_misc_28,
          layout_vaults_chaotic_city, uniq_sojobo
Vaults:3: dpeg_vaults_monster_row, nicolae_vaults_rhombus_6,
          grunt_vaults_twisty, vaults_room_hangedman_quadrants,
          layout_vaults_omnigrid
Vaults:4: v_misc_9, v_misc_19, hangedman_vaults_slither,
          nicolae_vaults_mini_display_case, grunt_vaults_diagonal,
          nicolae_vaults_yaktaur_gun_rack, nicolae_vaults_diagonal_hallway_7,
          v_rooms_2, nicolae_vaults_what_the_h, nicolae_vaults_asterisk,
          layout_vaults_omnicross, serial_shops, nicolae_lakefront_shop
Vaults:5: serial_shops, uniq_margery
Depths:1: layout_big_octagon, rand_demon_pan_entry_3,
          nicolae_hell_entry_hellmouth_sunbeams,
          nicolae_uskayaw_murder_on_the_dancefloor, minivault_16,
          dispersion_dpeg
Depths:2: kennysheep_snake, layout_cave_pools, serial_column_ruins,
          column_ruins_courtyard_long_water, column_ruins_open_large,
          column_ruins_open_tiny, column_ruins_corridor_dead_end,
          column_ruins_grid_1, column_ruins_grid_4, column_ruins_open_small,
          column_ruins_open_small, pan_entry, minmay_misc_feat_chi, hell_entry,
          infiniplex_enter_wizlab_water, serial_sigils_hangedman_scar
Depths:3: kennysheep_ambush_hall, layout_cave_shapes, minmay_tree_intersection,
          hangedman_abyss_entry_splay, hell_entry, kennysheep_small_circle,
          minmay_shoptagon
Depths:4: grunt_zot_entry_funnels, layout_cave_shapes, enter_ziggurat_c,
          pf_dread_powers_of_hell, hangedman_abyss_or_decor_slice,
          grunt_pan_entry_spiral, uniq_xtahua, uniq_frederick
Hell
Dis:1:    layout_regular_city, nicolae_dis_grated_feature
Dis:2:    layout_regular_city, lemuel_dis_dragons

Notes
Turn   | Place    | Note
-------+----------+-------------------------------------------
     0 | D:1      | Raultor the Octopode Transmuter began the quest for the
                  | Orb.
     0 | D:1      | Reached XP level 1. HP: 13/13 MP: 3/3
   221 | D:1      | Reached XP level 2. HP: 10/18 MP: 3/5
   313 | D:1      | Learned a level 2 spell: Wereblood
   654 | D:2      | Noticed Jessica
   870 | D:2      | Reached XP level 3. HP: 18/23 MP: 6/6
   919 | D:2      | Noticed Robin
   927 | D:2      | Killed Robin
   928 | D:2      | Reached skill level 3 in Transmutations
  1041 | D:2      | Reached XP level 4. HP: 29/29 MP: 7/7
  1060 | D:2      | Killed Jessica
  1061 | D:2      | Reached skill level 2 in Fighting
  1496 | D:3      | Found a faded altar of an unknown god.
  1532 | D:3      | Found a sacrificial altar of Ru.
  1701 | D:3      | Found an iron altar of Okawaru.
  1976 | D:3      | Reached XP level 5. HP: 33/34 MP: 5/8
  2101 | D:3      | You fall into a shaft and drop 2 floors!
  2101 | D:5      | Entered Level 5 of the Dungeon
  2117 | D:5      | Noticed an ice beast
  2168 | D:4      | Reached skill level 1 in Ice Magic
  2341 | D:4      | Reached skill level 4 in Transmutations
  2417 | D:4      | Learned a level 4 spell: Ice Form
  2479 | D:4      | Reached skill level 4 in Unarmed Combat
  2479 | D:4      | Reached skill level 2 in Ice Magic
  2479 | D:4      | Reached XP level 6. HP: 25/41 MP: 5/9
  2701 | D:3      | Noticed an ice beast
  3105 | D:3      | Killed an ice beast
  3106 | D:3      | Reached skill level 3 in Fighting
  3460 | D:5      | Reached skill level 3 in Ice Magic
  3477 | D:5      | Reached XP level 7. HP: 46/46 MP: 7/10
  3488 | D:5      | HP: 4/46 [ice beast (14)]
  3664 | D:5      | Found a burning altar of Makhleb.
  3664 | D:5      | Found a basalt altar of Yredelemnul.
  3690 | D:5      | Found a stormy altar of Qazlal.
  4004 | D:5      | Found a transporter.
  4005 | D:5      | Noticed dweek's ghost (amateur TrFi)
  4249 | D:5      | Found a transporter.
  4285 | D:5      | Reached skill level 4 in Ice Magic
  4602 | D:6      | Reached skill level 4 in Fighting
  4602 | D:6      | Reached skill level 5 in Unarmed Combat
  4602 | D:6      | Reached skill level 5 in Transmutations
  4602 | D:6      | Reached XP level 8. HP: 54/54 MP: 7/11
  4935 | D:6      | Reached skill level 5 in Ice Magic
  5348 | D:6      | Noticed Blork the orc
  5358 | D:6      | Killed Blork the orc
  5988 | D:7      | Reached skill level 6 in Transmutations
  5998 | D:7      | Reached skill level 6 in Ice Magic
  6074 | D:7      | Reached XP level 9. HP: 60/60 MP: 8/12
  6105 | D:7      | Found a snail-covered altar of Cheibriados.
  6137 | D:7      | Reached skill level 5 in Fighting
  6376 | D:7      | Found a runed translucent gate.
  6376 | D:7      | Found a runed translucent gate.
  6376 | D:7      | Found a runed translucent gate.
  6379 | D:7      | Noticed a kobold demonologist
  6379 | D:7      | Noticed Peppero's ghost (novice DjCj)
  6415 | D:7      | Reached skill level 6 in Unarmed Combat
  6530 | D:7      | Found Sacaheat's Jewellery Boutique.
  6628 | D:7      | Found a shimmering altar of Xom.
  6724 | D:7      | Found a staircase to the Ecumenical Temple.
  6999 | Temple   | Entered the Ecumenical Temple
  7038 | Temple   | Became a worshipper of Ashenzari the Shackled
  7199 | D:8      | Reached skill level 7 in Transmutations
  7207 | D:8      | Reached skill level 7 in Ice Magic
  7315 | D:8      | Found a hide-covered altar of Uskayaw.
  7366 | D:8      | Noticed a tengu warrior
  7397 | D:8      | Noticed Pikel
  7428 | D:7      | Bought a ring of protection from fire for 275 gold pieces
  7704 | D:8      | Killed Pikel
  7708 | D:8      | Reached XP level 10. HP: 31/68 MP: 9/13
  7720 | D:7      | Reached skill level 6 in Fighting
  7901 | D:7      | Reached skill level 8 in Transmutations
  7901 | D:7      | Reached skill level 8 in Ice Magic
  8529 | D:9      | Noticed a two-headed ogre
  8536 | D:9      | Killed a two-headed ogre
  8537 | D:9      | Reached skill level 7 in Unarmed Combat
  9177 | D:9      | Reached skill level 9 in Transmutations
  9177 | D:9      | Reached skill level 9 in Ice Magic
  9273 | D:9      | Found a staircase to the Lair.
  9497 | D:9      | Identified the +1 plate armour of Laop {Int+4 Slay+2}
  9680 | D:9      | Found an opulent altar of Gozag.
 10031 | D:9      | Found a staircase to the Orcish Mines.
 10107 | Lair:1   | Entered Level 1 of the Lair of Beasts
 10126 | Lair:1   | Noticed Urug
 10180 | Lair:1   | Killed Urug
 10181 | Lair:1   | Reached skill level 7 in Fighting
 10181 | Lair:1   | Reached XP level 11. HP: 26/75 MP: 10/14
 10375 | Lair:1   | Reached * piety under Ashenzari
 10662 | Lair:1   | Reached skill level 8 in Unarmed Combat
 11023 | Lair:1   | Reached skill level 10 in Transmutations
 11069 | Lair:1   | Reached skill level 3 in Dodging
 11200 | Lair:1   | Reached skill level 3 in Spellcasting
 11533 | Lair:1   | Reached skill level 9 in Unarmed Combat
 12078 | Lair:1   | Noticed Nergalle
 12090 | Lair:1   | Killed Nergalle
 12091 | Lair:1   | Reached skill level 8 in Fighting
 12495 | Lair:2   | Found a gate leading to a gauntlet.
 12505 | Gauntlet | Entered a Gauntlet
 12505 | Gauntlet | Found a transporter.
 12514 | Gauntlet | Found a transporter.
 12539 | Gauntlet | Identified a potion of resistance
 12540 | Gauntlet | Found a transporter.
 12543 | Gauntlet | Found a transporter.
 12545 | Gauntlet | Found a large runed translucent door.
 12546 | Gauntlet | Found a large runed translucent door.
 12546 | Gauntlet | Found a large runed translucent door.
 12559 | Gauntlet | Noticed a hell hog
 12562 | Gauntlet | Found a transporter.
 12562 | Gauntlet | Found a large runed translucent door.
 12562 | Gauntlet | Found a large runed translucent door.
 12562 | Gauntlet | Found a runed translucent door.
 12562 | Gauntlet | Found a runed translucent door.
 12563 | Gauntlet | Found a large runed translucent door.
 12564 | Gauntlet | Found a large runed translucent door.
 12565 | Gauntlet | Found a large runed translucent door.
 12565 | Gauntlet | Found a large runed translucent door.
 12566 | Gauntlet | Found a runed translucent gate.
 12566 | Gauntlet | Found a runed translucent gate.
 12566 | Gauntlet | Found a runed translucent gate.
 12568 | Gauntlet | Found a transporter.
 12582 | Gauntlet | Found a transporter.
 12582 | Gauntlet | Noticed a necromancer
 12592 | Gauntlet | Found a transporter.
 12593 | Gauntlet | Found a transporter.
 12596 | Gauntlet | Reached XP level 12. HP: 82/82 MP: 10/17
 12605 | Gauntlet | Reached skill level 4 in Dodging
 12767 | Gauntlet | Noticed a balrug
 12789 | Gauntlet | Found a transporter.
 12793 | Gauntlet | Noticed a wretched star
 12810 | Gauntlet | Found a transporter.
 12813 | Gauntlet | Found the amulet of Vitality {RegenMP++ Regen++}
 12818 | Gauntlet | Killed a balrug
 12819 | Gauntlet | Reached skill level 4 in Spellcasting
 13069 | Gauntlet | Found the ring of the Hare {EV+8}
 13069 | Gauntlet | Identified the +1 pair of gloves "Voskuwoh" {rC+}
 13069 | Gauntlet | Noticed a minotaur
 13069 | Gauntlet | Found a transporter.
 13079 | Gauntlet | Killed a minotaur
 13142 | Gauntlet | Found a transporter.
 13142 | Gauntlet | Identified the +5 hand axe of Eginno {holy, Str-5 Int+3
                  | Dex+4 SInv}
 13184 | Lair:2   | Reached ** piety under Ashenzari
 13239 | Lair:2   | Noticed Fannar
 13255 | Lair:2   | Killed Fannar
 13267 | Lair:2   | Noticed Maggie
 13273 | Lair:2   | Killed Maggie
 13305 | Lair:2   | Reached skill level 10 in Unarmed Combat
 13423 | Lair:2   | Found a hole to the Spider Nest.
 13531 | Lair:2   | Reached skill level 5 in Dodging
 13531 | Lair:2   | Found a staircase to the Swamp.
 14457 | Lair:3   | Identified the +9 hand axe "Ywebritz" {pain, *Slow Str+2
                  | Stlth+}
 14542 | Lair:3   | Noticed Sonja
 14554 | Lair:3   | Killed Sonja
 14555 | Lair:3   | Reached skill level 9 in Fighting
 14746 | Lair:3   | Found a transporter.
 14750 | Lair:3   | Found a transporter.
 14763 | Lair:3   | Found a bloodstained altar of Trog.
 14763 | Lair:3   | Noticed Ririga's ghost (journeyman TrHW)
 15221 | Lair:4   | Noticed a seven-headed hydra
 15221 | Lair:4   | Noticed a death yak
 15279 | Lair:3   | Reached skill level 6 in Dodging
 15282 | Lair:3   | Reached skill level 5 in Spellcasting
 15282 | Lair:3   | Reached skill level 11 in Transmutations
 15312 | Lair:4   | Paralysed by a floating eye for 4 turns
 15319 | Lair:4   | Reached XP level 13. HP: 93/93 MP: 19/22
 15319 | Lair:4   | Found a viscous altar of Jiyva.
 15319 | Lair:4   | Found a staircase to the Slime Pits.
 15458 | Lair:4   | Reached skill level 11 in Unarmed Combat
 15671 | Lair:4   | Reached skill level 7 in Dodging
 15720 | Lair:4   | Reached skill level 10 in Fighting
 16130 | Lair:4   | Reached *** piety under Ashenzari
 16499 | Lair:5   | Entered Level 5 of the Lair of Beasts
 16499 | Lair:5   | Identified the Secrets of Conjury and Bewitchment
 16685 | Lair:5   | Reached skill level 8 in Dodging
 16717 | Lair:5   | Reached skill level 6 in Spellcasting
 16731 | Lair:5   | Reached skill level 12 in Unarmed Combat
 16769 | Lair:5   | Reached skill level 1 in Evocations
 16769 | Lair:5   | Reached XP level 14. HP: 104/104 MP: 25/25
 16790 | Lair:5   | Identified the +7 plate armour "Pucolano" {Int+4}
 16794 | Lair:5   | Reached **** piety under Ashenzari
 16863 | Lair:5   | Reached skill level 11 in Fighting
 17049 | Lair:5   | Reached skill level 2 in Evocations
 17144 | Lair:5   | Reached skill level 9 in Dodging
 17772 | Orc:1    | Entered Level 1 of the Orcish Mines
 17802 | Orc:1    | Reached skill level 3 in Evocations
 18015 | Orc:1    | Noticed Harold
 18022 | Orc:1    | Killed Harold
 18068 | Orc:1    | Noticed Jorgrun
 18070 | Orc:1    | Noticed an orc warlord
 18078 | Orc:1    | Killed Jorgrun
 18096 | Orc:1    | Killed an orc warlord
 18282 | Orc:2    | Entered Level 2 of the Orcish Mines
 18283 | Orc:2    | Noticed Azrael
 18371 | Orc:2    | Found a staircase to the Elven Halls.
 18478 | Orc:2    | Found Bein's Assorted Antiques.
 18480 | Orc:2    | Found Sinan's General Store.
 18492 | Orc:1    | Reached skill level 13 in Unarmed Combat
 18515 | Orc:2    | Killed Azrael
 18526 | Orc:2    | Reached skill level 12 in Fighting
 18526 | Orc:2    | Reached skill level 7 in Spellcasting
 18531 | Orc:1    | Reached skill level 4 in Evocations
 18594 | Orc:1    | Reached skill level 10 in Dodging
 18695 | Orc:2    | Reached XP level 15. HP: 113/113 MP: 28/28
 19082 | Orc:2    | Found Jifili's Magic Scroll Boutique.
 19085 | Orc:2    | Bought a potion of heal wounds for 80 gold pieces
 19092 | Orc:2    | Found Xudyju's Distillery.
 19098 | Orc:2    | Bought a potion of curing for 87 gold pieces
 19103 | Orc:2    | Bought a potion of might for 52 gold pieces
 19103 | Orc:2    | Bought a potion of curing for 39 gold pieces
 19103 | Orc:2    | Bought a potion of curing for 39 gold pieces
 19103 | Orc:2    | Bought a potion of mutation for 104 gold pieces
 19370 | D:10     | Entered Level 10 of the Dungeon
 19739 | D:10     | Noticed Psyche
 19746 | D:10     | Killed Psyche
 19809 | D:10     | Found a shadowy altar of Dithmenos.
 20410 | D:11     | Reached skill level 5 in Evocations
 20854 | D:12     | Found a frozen archway.
 20859 | IceCv    | Entered an ice cave
 21291 | D:12     | Reached skill level 11 in Dodging
 21370 | D:12     | Reached skill level 14 in Unarmed Combat
 21463 | D:12     | Reached skill level 13 in Fighting
 21696 | D:13     | Reached ***** piety under Ashenzari
 21716 | D:13     | Noticed Kirke
 21722 | D:13     | Killed Kirke
 21749 | D:13     | Found a runed translucent door.
 21759 | D:13     | Identified the +6 glaive "Demonslayer" {venom, Int+4}
 21760 | D:13     | Identified the +4 trident "Ufale" {protect, rElec}
 21822 | D:13     | Identified the Compilation of Displacement
 21894 | D:13     | Learned a level 3 spell: Lesser Beckoning
 21917 | D:13     | Learned a level 4 spell: Manifold Assault
 22033 | D:13     | Reached skill level 1 in Translocations
 22047 | D:13     | Noticed Maurice
 22058 | D:13     | Killed Maurice
 22072 | D:13     | Noticed Rupert
 22080 | D:13     | Killed Rupert
 22081 | D:13     | Reached skill level 2 in Translocations
 22166 | D:13     | Reached skill level 3 in Translocations
 22266 | D:13     | Reached XP level 16. HP: 99/125 MP: 30/30
 22417 | D:13     | Noticed Josephine
 22419 | D:13     | Killed Josephine
 22420 | D:13     | Reached skill level 4 in Translocations
 22732 | D:14     | Reached skill level 5 in Translocations
 22851 | D:14     | Reached skill level 6 in Translocations
 22970 | D:14     | Reached skill level 7 in Translocations
 23104 | D:14     | Reached skill level 8 in Translocations
 23488 | D:14     | Found a gate to the Vaults.
 23521 | D:15     | Entered Level 15 of the Dungeon
 23595 | D:15     | Identified Ihixir's Compilation of the Earthen Pyromaniac
 23599 | D:15     | Found the +8 demon trident "Rift" {distort, reach+}
 23604 | D:15     | Learned a level 2 spell: Passwall
 23626 | D:14     | Reached skill level 1 in Earth Magic
 23860 | D:15     | Reached skill level 2 in Earth Magic
 23958 | D:15     | Reached skill level 9 in Translocations
 24094 | D:15     | Found a white marble altar of Elyvilon.
 24147 | D:15     | Reached skill level 3 in Earth Magic
 24237 | D:15     | Found Mupomaicw's Book Emporium.
 24264 | D:15     | Bought a book of the Sky for 704 gold pieces
 24272 | D:15     | Learned a level 7 spell: Storm Form
 24303 | D:15     | Reached skill level 1 in Air Magic
 24310 | D:15     | Found a staircase to the Depths.
 24699 | Spider:1 | Entered Level 1 of the Spider Nest
 24712 | Spider:1 | Reached skill level 2 in Air Magic
 24730 | Lair:2   | Reached skill level 3 in Air Magic
 25095 | Lair:2   | Reached skill level 4 in Air Magic
 25143 | Lair:2   | Reached skill level 12 in Transmutations
 25179 | Spider:1 | Reached skill level 5 in Air Magic
 25250 | Spider:1 | Reached XP level 17. HP: 121/131 MP: 32/32
 26008 | Spider:1 | Identified the cursed +0 hat "I Knew You'd Do That" {Alch,
                  | Elem} (You found it in an ice cave)
 26019 | Spider:2 | Reached skill level 6 in Air Magic
 26109 | Spider:2 | Reached skill level 7 in Air Magic
 26235 | Spider:2 | Reached skill level 8 in Air Magic
 26274 | Spider:1 | Reached skill level 9 in Air Magic
 26604 | Spider:2 | Reached skill level 10 in Air Magic
 26864 | Spider:3 | Reached skill level 11 in Air Magic
 27160 | Spider:4 | Entered Level 4 of the Spider Nest
 27170 | Spider:4 | Noticed Bai Suzhen
 27247 | Spider:4 | Killed Bai Suzhen
 27249 | Spider:4 | Noticed Asterion
 27263 | Spider:4 | Killed Asterion
 27375 | Spider:4 | Reached skill level 13 in Transmutations
 27421 | Spider:4 | Reached skill level 12 in Air Magic
 27421 | Spider:4 | Reached XP level 18. HP: 137/137 MP: 25/33
 27658 | Spider:4 | Reached skill level 8 in Spellcasting
 27703 | Spider:4 | Noticed Nikola
 27711 | Spider:4 | Killed Nikola
 27711 | Spider:4 | Noticed Arachne
 27721 | Spider:4 | Killed Arachne
 27722 | Spider:4 | Identified the +1 hat of Indomitability {SInv}
 27856 | Spider:4 | Got a gossamer rune of Zot
 28377 | Swamp:1  | Entered Level 1 of the Swamp
 28377 | Swamp:1  | Identified the +1 robe "Luraechoive" {Will+ MP+9 Archmagi}
 28423 | Swamp:1  | Learned a level 6 spell: Dispersal
 28439 | Swamp:1  | Reached skill level 13 in Air Magic
 28586 | Swamp:1  | Reached skill level 14 in Transmutations
 29170 | Swamp:2  | Noticed Donald
 29184 | Swamp:2  | Killed Donald
 29925 | Swamp:3  | Reached XP level 19. HP: 141/144 MP: 35/35
 30125 | Swamp:4  | Entered Level 4 of the Swamp
 30162 | Swamp:4  | Reached skill level 9 in Spellcasting
 30196 | Swamp:4  | Noticed Aizul
 30201 | Swamp:4  | Killed Aizul
 30210 | Swamp:4  | Reached skill level 14 in Fighting
 30217 | Swamp:4  | Reached skill level 15 in Unarmed Combat
 30357 | Swamp:4  | Identified the -2 helmet of Honour {rPois rC- Int+4}
 30471 | Swamp:4  | Reached skill level 14 in Air Magic
 30609 | Swamp:4  | Found a blossoming altar of Fedhas.
 30636 | Swamp:4  | Got a decaying rune of Zot
 30655 | Swamp:4  | Found a basalt altar of Yredelemnul.
 30899 | Elf:1    | Entered Level 1 of the Elven Halls
 31010 | Elf:1    | Reached skill level 15 in Transmutations
 31133 | Elf:1    | Learned a level 6 spell: Statue Form
 31390 | Elf:1    | Identified the +8 dagger of Nuvoceecw {vorpal, Str+2
                  | Stlth+}
 31460 | Elf:1    | Reached skill level 10 in Spellcasting
 31502 | Elf:1    | Identified the Directory of the Summoned Impact
 31525 | Elf:1    | Learned a level 4 spell: Passage of Golubria
 31790 | Elf:2    | Found a runed translucent gate.
 31790 | Elf:2    | Found a runed translucent gate.
 31790 | Elf:2    | Found a runed translucent gate.
 31806 | Elf:2    | Noticed NigelTetley's ghost (adept OpTm)
 31807 | Elf:2    | Identified the +6 morningstar of Theory {vorpal, *Rage rF+
                  | Will++}
 31844 | Elf:2    | Identified the +2 pair of gloves of the Arena {Str+2}
 31851 | Elf:2    | Paralysed by an air elemental for 1 turns
 31861 | Elf:2    | Paralysed by an air elemental for 1 turns
 31868 | Elf:2    | Killed NigelTetley's ghost
 31869 | Elf:2    | Reached XP level 20. HP: 143/153 MP: 24/37
 32015 | Elf:2    | Found a runed translucent gate.
 32015 | Elf:2    | Found a runed translucent gate.
 32018 | Elf:2    | Found a runed translucent gate.
 32171 | Elf:2    | Found a huge runed translucent gate.
 32171 | Elf:2    | Found a huge runed translucent gate.
 32171 | Elf:2    | Found a huge runed translucent gate.
 32171 | Elf:2    | Found a huge runed translucent gate.
 32176 | Elf:2    | Found a huge runed translucent gate.
 32462 | Elf:2    | Paralysed by an air elemental for 1 turns
 32543 | Elf:2    | Identified a potion of experience
 32553 | Elf:2    | Reached skill level 7 in Stealth
 32554 | Elf:2    | Reached XP level 21. HP: 159/159 MP: 38/38
 32762 | Elf:2    | Reached skill level 15 in Fighting
 32828 | Elf:2    | Reached skill level 8 in Stealth
 33124 | Elf:2    | Reached skill level 16 in Unarmed Combat
 33318 | D:7      | Bought the ring of Mete {rC+ Int+6} for 550 gold pieces
 33318 | D:7      | Bought a ring of resist corrosion for 220 gold pieces
 33498 | Depths:1 | Entered Level 1 of the Depths
 33533 | Depths:1 | Reached skill level 9 in Stealth
 33544 | Depths:1 | Found a gateway to Hell.
 33630 | Depths:1 | Noticed a juggernaut
 33631 | Depths:1 | Found the +11 plutonium sword {Contam Stlth-}
 33631 | Depths:1 | Identified the +3 leather armour of Loss {Rampage *Corrode
                  | Will+++ Dex-2}
 33636 | Depths:1 | Killed a juggernaut
 33648 | Depths:1 | Identified the Compendium of Deathly Striking
 33655 | Depths:1 | Reached skill level 15 in Air Magic
 33663 | Depths:1 | Reached skill level 10 in Stealth
 33981 | Depths:1 | Found a one-way gate leading to the halls of Pandemonium.
 34068 | Depths:1 | Found a hide-covered altar of Uskayaw.
 34180 | Depths:2 | Found a magical portal.
 34190 | WizLab   | Entered Wucad Mu's Monastery
 34409 | WizLab   | Found the +9 staff of Wucad Mu {*channel}
 34538 | WizLab   | Reached skill level 5 in Poison Magic
 34538 | WizLab   | Reached XP level 22. HP: 167/167 MP: 40/40
 34653 | Depths:2 | Reached skill level 11 in Stealth
 34829 | Depths:2 | Reached skill level 16 in Transmutations
 34834 | Depths:2 | Noticed a caustic shrike
 34840 | Depths:2 | Killed a caustic shrike
 34841 | Depths:2 | Reached XP level 23. HP: 168/174 MP: 41/41
 34841 | Depths:2 | Identified the Grimoire of Shaping
 34888 | Depths:2 | Reached skill level 12 in Stealth
 34963 | Depths:2 | Noticed a caustic shrike
 34963 | Depths:2 | Identified the +3 dagger of Vafa {drain, rCorr}
 34973 | Depths:2 | Killed a caustic shrike
 34974 | Depths:2 | Reached skill level 16 in Fighting
 34997 | Depths:2 | Found the +9 heavy crossbow "Sniper" {vorpal, Acc+∞ SInv}
 35551 | Depths:3 | Reached skill level 13 in Stealth
 35628 | Depths:3 | Paralysed by a floating eye for 2 turns
 35636 | Depths:3 | Paralysed by a floating eye for 4 turns
 35644 | Depths:3 | Found Hiamigr Paju's Antique Weapon Shop.
 35648 | Depths:3 | Found Pocs's Book Shop.
 35648 | Depths:3 | Found Coehopre's Antique Armour Boutique.
 35654 | Depths:3 | Found Foukh's Antique Weapon Boutique.
 35711 | Depths:3 | Identified a +0 robe of resistance
 35845 | Depths:3 | Found a one-way gate to the infinite horrors of the Abyss.
 36160 | Depths:4 | Entered Level 4 of the Depths
 36183 | Depths:4 | Noticed Frederick
 36197 | Depths:4 | Killed Frederick
 36239 | Depths:4 | Noticed Xtahua
 36242 | Depths:4 | Killed Xtahua
 36320 | Depths:4 | Found a gate to the Realm of Zot.
 36320 | Depths:4 | Noticed a golden dragon
 36322 | Depths:4 | Reached skill level 17 in Unarmed Combat
 36322 | Depths:4 | Reached skill level 10 in Translocations
 36327 | Depths:4 | Killed a golden dragon
 36342 | Depths:4 | Reached skill level 17 in Fighting
 36376 | Depths:4 | Found a one-way gateway to a ziggurat.
 36417 | Depths:4 | Reached skill level 16 in Air Magic
 37135 | Vaults:1 | Entered Level 1 of the Vaults
 37280 | Vaults:1 | Reached XP level 24. HP: 185/185 MP: 23/41
 37323 | Vaults:1 | Reached skill level 11 in Translocations
 37523 | Vaults:1 | Reached skill level 17 in Transmutations
 37889 | Vaults:1 | Identified the +6 hand axe of Azaatug {drain, rF+ rCorr
                  | Int+4}
 38331 | Vaults:2 | Found a staircase to the Crypt.
 38391 | Vaults:2 | Reached skill level 12 in Translocations
 38448 | Vaults:2 | Reached skill level 18 in Fighting
 38881 | Vaults:2 | Noticed Sojobo
 38886 | Vaults:2 | Killed Sojobo
 40389 | Vaults:4 | Reached skill level 13 in Translocations
 40565 | Vaults:4 | Reached XP level 25. HP: 195/195 MP: 41/41
 40704 | Vaults:4 | Reached skill level 18 in Unarmed Combat
 40791 | Vaults:4 | Reached skill level 17 in Air Magic
 41017 | Vaults:4 | Reached skill level 19 in Fighting
 41059 | Vaults:4 | Found Qacurrok's Distillery.
 41068 | Vaults:4 | Bought a potion of invisibility for 120 gold pieces
 41068 | Vaults:4 | Bought a potion of resistance for 150 gold pieces
 41068 | Vaults:4 | Bought a potion of heal wounds for 75 gold pieces
 41545 | Vaults:5 | Entered Level 5 of the Vaults
 41559 | Vaults:5 | Reached skill level 14 in Translocations
 41669 | Vaults:5 | Reached skill level 18 in Transmutations
 41734 | Vaults:5 | Identified the +1 leather armour of the Alphagorgon {rN+
                  | rCorr Dex+3 Slay+2}
 41869 | Vaults:4 | Learned a level 3 spell: Mephitic Cloud
 41900 | Vaults:5 | Reached skill level 15 in Translocations
 42032 | Vaults:5 | Reached XP level 26. HP: 204/204 MP: 41/41
 42174 | Vaults:5 | Identified the ring "Ecuariho" {Wiz *Corrode rN+ MP+9}
 42426 | Vaults:5 | Identified the +2 falchion of the Hurting Augurer {speed,
                  | rCorr}
 42443 | Vaults:5 | Identified the +5 quarterstaff of the Pillar {vorpal,
                  | Str+4}
 42636 | Vaults:5 | Identified the +7 battleaxe of the Riding Coward {elec,
                  | Dex+8}
 42772 | Vaults:5 | Identified the +4 fire dragon scales of Patterns {-Tele
                  | Harm rF++ rC- Str+5}
 42776 | Vaults:5 | Got a silver rune of Zot
 43244 | Hell     | Entered the Vestibule of Hell
 43254 | Hell     | Noticed Geryon
 43259 | Hell     | Killed Geryon
 43301 | Hell     | Found a gateway to the decaying netherworld of Tartarus.
 43317 | Hell     | Reached skill level 16 in Translocations
 43319 | Hell     | Reached skill level 18 in Air Magic
 43326 | Hell     | Reached skill level 11 in Spellcasting
 43357 | Hell     | Reached skill level 12 in Dodging
 43571 | Hell     | Found a gateway to the freezing wastes of Cocytus.
 43693 | Hell     | Found a gateway to the Iron City of Dis.
 43785 | Hell     | Found a gateway to the ashen valley of Gehenna.
 44023 | Dis:1    | Entered Level 1 of the Iron City of Dis
 44457 | Dis:2    | Noticed a caustic shrike
 44457 | Dis:2    | Noticed a caustic shrike
 44457 | Dis:2    | Noticed a caustic shrike
 44457 | Dis:2    | Noticed a caustic shrike
 44470 | Dis:2    | Killed a caustic shrike
 44473 | Dis:2    | HP: 3/183 [caustic shrike (20)]
 44473 | Dis:2    | Splashed by a caustic shrike's acid

Vanquished Creatures
  A juggernaut (Depths:1)
  Sojobo (Vaults:2)
  Frederick (Depths:4)
  Bai Suzhen (Spider:4)
  Xtahua (Depths:4)
  3 caustic shrikes
  Geryon (Hell)
  4 golden dragons
  Nikola (Spider:4)
  A bone dragon (Depths:4)
  Arachne (Spider:4)
  Rupert (D:13)
  A lich (Vaults:3)
  A Hell Sentinel (Elf:2)
  2 walking earthen tomes
  Jorgrun (Orc:1)
  5 tentacled monstrosities
  2 quicksilver dragons
  Asterion (Spider:4)
  A deep elf blademaster (Elf:2)
  A tainted leviathan (Hell)
  5 titans
  2 ancient champions
  7 sphinxes
  3 thorn hunters (Swamp:4)
  11 tengu reavers
  Kirke (D:13)
  4 shadow dragons
  The ghost of NigelTetley the Black Belt, an adept OpTm of Ashenzari (Elf:2)
  Donald (Swamp:2)
  4 storm dragons
  A quicksilver elemental (Dis:1)
  4 iron dragons
  15 vault wardens
  2 fenstrider witches (Swamp:3)
  5 frost giants
  2 deep elf sorcerers
  12 fire giants
  A draconian shifter (Depths:4)
  2 emperor scorpions (Spider:4)
  2 draconian scorchers (Depths:4)
  8 ghost moths
  5 balrugs
  3 ghouls (Vaults:2)
  21 very ugly things
  11 reapers
  A juggernaut zombie (Depths:3)
  Aizul (Swamp:4)
  14 ironbound preservers
  2 orc warlords
  9 war gargoyles
  A hydra skeleton (Swamp:4)
  A broodmother (Lair:2)
  3 ironbound thunderhulks (Vaults:4)
  4 eleionomae
  9 stone giants
  3 deep elf demonologists
  5 putrid mouths (Hell)
  A minotaur (Gauntlet)
  3 vampire knights
  3 purple draconians (Depths:4)
  Azrael (Orc:2)
  A deep elf annihilator (Elf:2)
  A black draconian (Depths:4)
  8 spark wasps
  9 dire elephants
  2 yellow draconians (Depths:4)
  A lorocyproca (Hell)
  6 bunyips
  An iron golem (Dis:1)
  2 crystal guardians (D:13)
  12 ettins
  7 fire dragons
  15 yaktaur captains
  6 shambling mangroves
  3 great orbs of eyes
  3 deep elf high priests
  10 entropy weavers
  Josephine (D:13)
  33 vault guards
  A spriggan zombie (Hell)
  7 ice dragons
  An ice dragon (shapeshifter) (Vaults:5)
  17 hydras
  Fannar (Lair:2)
  2 rakshasas (Depths:2)
  4 spriggan air magi
  Harold (Orc:1)
  A merfolk avatar (Lair:5)
  2 radroaches
  3 jorogumos
  A peacekeeper (Vaults:2)
  2 death knights (D:14)
  4 ghost crabs
  2 ogre magi (Orc:2)
  2 spriggan skeletons
  10 alligators
  27 centaur warriors
  5 ironbound frosthearts
  2 catoblepae
  30 dancing weapons
  9 boulder beetles
  3 deep troll earth magi
  12 two-headed ogres
  5 deep troll shamans
  5 tengu warriors
  A hell hog (Depths:1)
  Urug (Lair:1)
  5 soul eaters
  4 death yaks (Lair:4)
  11 hell knights
  16 deep elf knights
  8 spriggan berserkers
  22 sun demons
  A storm dragon zombie (Depths:3)
  Sonja (Lair:3)
  Nergalle (Lair:1)
  A fire crab (Lair:4)
  9 pharaoh ants
  A sun moth (Spider:4)
  2 iron trolls (Depths:4)
  3 skeletal warriors (D:14)
  5 goliath frogs
  A spark wasp zombie (Depths:3)
  12 orb spiders
  A sea snake (Lair:5)
  9 steelbarb worms
  A titan skeleton (Hell)
  A flayed ghost (Depths:2)
  A bunyip zombie (Hell)
  An anaconda zombie (Hell)
  A steelbarb worm (shapeshifter) (Vaults:5)
  43 deep trolls
  2 spectral hydras (Swamp:4)
  8 deep elf archers
  2 glowing orange brains
  6 swamp dragons
  7 phantasmal warriors
  A swamp dragon (shapeshifter) (D:15)
  5 bog bodies
  17 ironbound convokers
  4 spriggan druids
  4 orange crystal statues
  Pikel (D:8)
  A wolf spider (shapeshifter) (Vaults:5)
  5 orc knights
  2 lindwurms (Vaults:2)
  4 orc sorcerers
  10 wizards
  29 deep elf pyromancers
  3 harpies (Lair:5)
  8 necromancers
  28 deep elf zephyrmancers
  23 wolf spiders
  3 oklob plants (Swamp:4)
  38 ugly things
  7 will-o-the-wisps
  A fire giant zombie (Vaults:1)
  A human zombie (Hell)
  9 cyclopes
  5 manticores
  14 elephants
  8 moths of wrath
  17 vault sentinels
  7 rust devils (Hell)
  2 black mambas
  A black mamba (shapeshifter) (Vaults:5)
  Maurice (D:13)
  A titan simulacrum (Hell)
  3 eyes of devastation
  2 ice statues (IceCv)
  2 hellions
  6 smoke demons
  2 gargoyles
  3 orange demons (Depths:4)
  14 cane toads
  3 molten gargoyles (Hell)
  Maggie (Lair:2)
  37 yaktaurs
  A centaur skeleton (Hell)
  Psyche (D:10)
  14 komodo dragons
  5 torpor snails
  An unseen horror (D:13)
  12 demonic crawlers
  A rime drake (Lair:5)
  3 tengu conjurers
  A tormentor (Dis:2)
  4 freezing wraiths
  2 anaconda simulacra
  3 hydra zombies (Swamp:4)
  A human skeleton (Vaults:1)
  10 ice devils
  2 death drake zombies (Swamp:4)
  A red devil (Hell)
  2 polar bears (Lair:5)
  A polar bear (shapeshifter) (Elf:2)
  18 trolls
  3 bloated husks
  8 meliai
  11 tyrant leeches
  A troll (shapeshifter) (D:14)
  23 hornets
  A tyrant leech (shapeshifter) (Vaults:5)
  A wind drake (Lair:5)
  A death drake skeleton (Swamp:4)
  A queen bee (Spider:2)
  A slime creature (shapeshifter) (Vaults:5)
  31 tarantellas
  38 slime creatures
  4 dream sheep
  24 blink frogs
  4 air elementals
  23 jumping spiders
  A centaur simulacrum (Hell)
  22 culicivoras
  A fire dragon skeleton (Hell)
  A ynoxinul (Depths:4)
  2 wyverns
  2 vampires (D:13)
  2 culicivoras (shapeshifter) (Vaults:5)
  A dire elephant simulacrum (Hell)
  10 spriggans
  4 basilisks
  6 wraiths
  2 chaos spawn (Depths:4)
  6 fire elementals
  3 hogs (D:13)
  A hog (shapeshifter) (D:14)
  A neqoxec (Depths:4)
  61 redbacks
  8 vampire mosquitoes
  34 yaks
  A death yak simulacrum (IceCv)
  2 steam dragons
  10 swamp worms
  A warg (Orc:1)
  A harpy simulacrum (IceCv)
  An acid dragon (D:13)
  11 water moccasins
  2 floating eyes
  11 hell hounds
  4 hydra simulacra (Swamp:4)
  8 swamp drakes
  3 ice beasts
  21 orc warriors
  7 boggarts
  A swamp dragon zombie (Swamp:4)
  22 ogres
  32 wolves
  9 centaurs
  A lemure (D:8)
  3 kobold brigands
  Blork the orc (D:6)
  2 gnoll sergeants
  11 bullfrogs
  2 necrophages
  A human simulacrum (Vaults:1)
  A cane toad simulacrum (IceCv)
  2 scorpions (D:4)
  2 two-headed ogre simulacra (IceCv)
  3 earth elementals
  13 wights
  An elephant simulacrum (IceCv)
  21 killer bees
  3 howler monkeys (D:7)
  7 electric eels
  3 gnoll boudas
  2 jellies
  A hound (D:5)
  19 orc priests
  Jessica (D:2)
  9 iguanas
  26 orc wizards
  4 hell rats (Hell)
  A polar bear simulacrum (IceCv)
  3 troll simulacra (IceCv)
  4 spriggan simulacra
  2 wolf simulacra (IceCv)
  Robin (D:2)
  21 gnolls
  10 adders
  2 naga simulacra (IceCv)
  A shadow imp (D:7)
  5 white imps
  3 ufetubi
  6 worms
  A dart slug (D:4)
  66 orcs
  6 endoplasms
  6 giant cockroaches
  7 hobgoblins
  4 jackals (D:3)
  2 quokkas
  7 ball pythons
  5 bats
  4 frilled lizards
  18 goblins
  18 kobolds
  4 rats
  5 briar patches (Swamp:4)
1951 creatures vanquished.

Vanquished Creatures (others)
  A fire dragon (Depths:2)
  A centaur warrior (Vaults:1)
  A swamp dragon (Swamp:4)
  A wizard (Depths:3)
  2 deep elf zephyrmancers (Elf:2)
  A bloated husk (Swamp:4)
  A tarantella (Spider:4)
  2 humans (D:13)
  A briar patch (Swamp:4)
  A bush (Lair:5)
  2 demonic plants (Gauntlet)
  10 foxfires
  37 fungi
  105 plants
166 creatures vanquished.

Grand Total: 2117 creatures vanquished

Table legend: (Time is in decaauts)
 A = Elapsed time spent in this place.
 B = Non-inter-level travel time spent in this place.
 C = Inter-level travel time spent in this place.
 D = Time resting spent in this place.
 E = Time spent auto-exploring this place.
 F = Levels seen in this place.
 G = Mean time per level.
                   A        B        C        D        E       F      G
               +--------+--------+--------+--------+--------+-----+--------+
         Total |  43310 |  40026 |   3284 |   1741 |  28455 |  48 |  902.3 |
       Dungeon |  15879 |  14267 |   1612 |    340 |  10923 |  15 | 1058.6 |
        Temple |     50 |     40 |     10 |      0 |     19 |   1 |   50.0 |
          Lair |   7313 |   6904 |    409 |    394 |   4959 |   5 | 1462.6 |
         Swamp |   2285 |   2157 |    128 |     12 |   1576 |   4 |  571.2 |
   Spider Nest |   2640 |   2495 |    145 |    123 |   1590 |   4 |  660.0 |
  Orcish Mines |   1558 |   1348 |    210 |    122 |    744 |   2 |  779.0 |
   Elven Halls |   2238 |   2164 |     74 |     22 |   1493 |   2 | 1119.0 |
        Vaults |   5806 |   5380 |    426 |    160 |   4002 |   5 | 1161.2 |
        Depths |   3154 |   2966 |    188 |     50 |   2176 |   4 |  788.5 |
          Hell |    667 |    600 |     67 |      0 |    364 |   1 |  667.0 |
           Dis |    436 |    425 |     11 |    288 |     87 |   2 |  218.0 |
      Ice Cave |    253 |    253 |      0 |      0 |     76 |   1 |  253.0 |
        Wizlab |    349 |    349 |      0 |      0 |    237 |   1 |  349.0 |
      Gauntlet |    676 |    676 |      0 |    230 |    209 |   1 |  676.0 |
               +--------+--------+--------+--------+--------+-----+--------+

Top non-repeatable levels by time:
  Lair:1: 2266 daAuts
     D:9: 1991 daAuts
     D:7: 1517 daAuts
  Lair:2: 1484 daAuts
Vaults:4: 1428 daAuts
     D:6: 1391 daAuts
   Elf:2: 1320 daAuts
  Lair:4: 1318 daAuts
  Lair:3: 1307 daAuts
     D:8: 1256 daAuts
     D:3: 1253 daAuts
Vaults:2: 1217 daAuts
Vaults:5: 1108 daAuts
    D:13: 1077 daAuts
Vaults:1: 1036 daAuts

Table legend:
 A = Non-vault XP
 B = Vault XP
 C = Vault XP percentage of total XP
 D = Non-vault monster count
 E = Vault monster count
 F = Vault count percentage of total count
                 A         B        C        D         E       F
            +---------+---------+-------+---------+---------+-------
      Total |  510258 |  492730 |  49.1 |    1211 |     739 |  37.9
            +---------+---------+-------+---------+---------+-------
        D:1 |      15 |       0 |   0.0 |      11 |       0 |   0.0
        D:2 |      46 |      75 |  62.0 |      18 |      13 |  41.9
        D:3 |     175 |       0 |   0.0 |      23 |       0 |   0.0
        D:4 |     285 |       0 |   0.0 |      23 |       0 |   0.0
        D:5 |     451 |       0 |   0.0 |      14 |       0 |   0.0
        D:6 |     906 |      99 |   9.9 |      24 |       1 |   4.0
        D:7 |    1695 |     284 |  14.4 |      38 |       8 |  17.4
        D:8 |    1013 |     629 |  38.3 |      26 |       1 |   3.7
        D:9 |    1965 |    1151 |  36.9 |      29 |      22 |  43.1
       D:10 |    1506 |    1066 |  41.4 |       7 |       2 |  22.2
       D:11 |    6654 |       0 |   0.0 |      26 |       0 |   0.0
       D:12 |    5531 |     642 |  10.4 |      13 |       1 |   7.1
       D:13 |    6055 |    9282 |  60.5 |      16 |      15 |  48.4
       D:14 |   16220 |    4540 |  21.9 |      29 |      11 |  27.5
       D:15 |    9509 |    2373 |  20.0 |      20 |       4 |  16.7
     Lair:1 |    5989 |    3190 |  34.8 |      26 |      11 |  29.7
     Lair:2 |   12307 |    2790 |  18.5 |      37 |       9 |  19.6
     Lair:3 |    4530 |     776 |  14.6 |      25 |       1 |   3.8
     Lair:4 |   15373 |     574 |   3.6 |      41 |       2 |   4.7
     Lair:5 |   12658 |    8429 |  40.0 |      40 |      20 |  33.3
    Swamp:1 |   12865 |       0 |   0.0 |      22 |       0 |   0.0
    Swamp:2 |   10106 |    1356 |  11.8 |      20 |       1 |   4.8
    Swamp:3 |   16628 |       0 |   0.0 |      29 |       0 |   0.0
    Swamp:4 |   21341 |   23343 |  52.2 |      36 |      41 |  53.2
   Spider:1 |    9966 |       0 |   0.0 |      30 |       0 |   0.0
   Spider:2 |   26209 |    1868 |   6.7 |      68 |      15 |  18.1
   Spider:3 |   20270 |       0 |   0.0 |      44 |       0 |   0.0
   Spider:4 |    8719 |   33832 |  79.5 |      18 |      51 |  73.9
      Orc:1 |    4858 |    8397 |  63.3 |      44 |      18 |  29.0
      Orc:2 |    3271 |   11097 |  77.2 |      30 |      30 |  50.0
      Elf:1 |   14242 |   16203 |  53.2 |      25 |      26 |  51.0
      Elf:2 |   15385 |   36354 |  70.3 |      25 |      49 |  66.2
   Vaults:1 |   24304 |   20582 |  45.9 |      30 |      41 |  57.7
   Vaults:2 |   25351 |   21225 |  45.6 |      40 |      21 |  34.4
   Vaults:3 |    4082 |   13311 |  76.5 |       9 |      15 |  62.5
   Vaults:4 |   33780 |   36036 |  51.6 |      54 |      41 |  43.2
   Vaults:5 |   28004 |   98754 |  77.9 |      36 |      96 |  72.7
   Depths:1 |   15351 |   17234 |  52.9 |      22 |      18 |  45.0
   Depths:2 |   14119 |   38101 |  73.0 |      18 |      34 |  65.4
   Depths:3 |   20980 |    9588 |  31.4 |      26 |      10 |  27.8
   Depths:4 |   27271 |   33222 |  54.9 |      31 |      32 |  50.8
       Hell |   38078 |   26243 |  40.8 |      58 |      36 |  38.3
      Dis:1 |    6906 |       0 |   0.0 |       6 |       0 |   0.0
      Dis:2 |    5289 |       0 |   0.0 |       4 |       0 |   0.0
      IceCv |       0 |    5393 | 100.0 |       0 |      30 | 100.0
     WizLab |       0 |     991 | 100.0 |       0 |       1 | 100.0
   Gauntlet |       0 |    3700 | 100.0 |       0 |      12 | 100.0
            +---------+---------+-------+---------+---------+-------
